 Dungeon Crawl Stone Soup version 0.20-a0-303-g575bbf7 (webtiles) character file.

910 tboon the Cleaver (level 7, -19/64 HPs)
             Began as a Minotaur Fighter on Dec 15, 2016.
             Killed from afar by mynametaken's ghost (22 damage)
             ... with a stone arrow
             ... on level 5 of the Dungeon on Dec 16, 2016.
             The game lasted 00:13:13 (4632 turns).

tboon the Cleaver (Minotaur Fighter)                Turns: 4632, Time: 00:13:14

Health: -19/64     AC: 16    Str: 26      XL:     7   Next: 81%
Magic:  6/6        EV:  8    Int:  6      God:
Gold:   239        SH:  0    Dex:  9 (10) Spells: 6/6 levels left

rFire  . . .     SeeInvis .     a - +0 war axe
rCold  . . .     Gourm    .     h - +0 chain mail
rNeg   . . .     Faith    .     (no shield)
rPois  +         Spirit   .     (helmet restricted)
rElec  .         Reflect  .     (no cloak)
rCorr  .         Harm     .     i - +0 pair of gloves
MR     .....                    t - +0 pair of boots
Stlth  ..........               (no amulet)
                                w - +4 ring of protection
                                e - ring of poison resistance {rPois, !d}

@: mighty
A: retaliatory headbutt, horns 2
a: no special abilities


You were on level 5 of the Dungeon.
You were not hungry.

You visited 1 branch of the dungeon, and saw 5 of its levels.

You collected 239 gold pieces.

Inventory:

Hand Weapons
 a - a +0 war axe (weapon)
 x - the +2 flail of the Lair of Beasts {protect, rF+ rC+}
   (You found it on level 4 of the Dungeon)

   It protects the one who uses it against injury (+AC on strike).
   It protects you from fire.
   It protects you from cold.
Armour
 h - a +0 chain mail (worn)
   (You took it off an orc on level 3 of the Dungeon)
 i - a +0 pair of gloves (worn)
   (You found it on level 2 of the Dungeon)
 t - a +0 pair of boots (worn)
   (You found it on level 3 of the Dungeon)
Jewellery
 e - a ring of poison resistance (left hand) {rPois, !d}
   (You found it on level 1 of the Dungeon)
 k - a +3 ring of evasion
   (You found it on level 4 of the Dungeon)
 r - an uncursed ring of positive energy {rN+}
   (You found it on level 2 of the Dungeon)
 v - an uncursed ring of resist corrosion
   (You found it on level 3 of the Dungeon)
 w - a +4 ring of protection (right hand)
   (You found it on level 3 of the Dungeon)
Wands
 y - a wand of polymorph (11/24)
   (You found it on level 4 of the Dungeon)
Scrolls
 j - a scroll of fear {unknown}
 l - a scroll of immolation {unknown}
 m - 2 scrolls of teleportation {unknown}
 n - a scroll of identify
 q - 2 scrolls of recharging
Potions
 o - 3 potions of curing
 p - a potion of flight {unknown}
 s - a potion of mutation {unknown}
Comestibles
 c - 3 meat rations
 f - 2 bread rations
 g - a royal jelly
 u - a beef jerky
 z - 2 chunks of flesh


   Skills:
 + Level 6.7 Fighting
 * Level 8.5 Axes
 + Level 5.3 Armour
   Level 3.6 Shields


You had 6 spell levels left.
You didn't know any spells.

Dungeon Overview and Level Annotations

Branches:
Dungeon (5/15)
 Temple: D:4-7

Altars:
Ashenzari
Dithmenos
Fedhas
Nemelex Xobeh

Annotations:
D:2 exclusion: oklob plant
D:5 mynametaken's ghost, novice GrEE


Innate Abilities, Weirdness & Mutations

You reflexively headbutt those who attack you in melee.
You have a pair of horns on your head.


Message History

Mynametaken's ghost (novice Gargoyle Earth Elementalist) comes into view.
It is wielding a weapon of pain.
Mynametaken's ghost turns its malevolent gaze towards you.
You barely miss the quasit. Your headbutt misses the quasit.
The quasit bites you but does no damage.
The quasit claws you but does no damage. x2
Your chain mail prevents you from hitting the quasit.
Your headbutt misses the quasit.
The quasit bites you but does no damage.
The quasit claws you but does no damage. x2
The quasit bites you but does no damage.
The quasit barely misses you. The quasit claws you.
You closely miss the quasit. Your headbutt misses the quasit.
The quasit bites you but does no damage.
The quasit claws you but does no damage. x2
You closely miss the quasit. You headbutt the quasit!
The quasit is heavily wounded.
The quasit bites you but does no damage.
The quasit claws you but does no damage.
The quasit closely misses you.
You closely miss the quasit. Your headbutt misses the quasit.
The quasit is heavily wounded.
The quasit bites you but does no damage.
The quasit claws you but does no damage.
The quasit closely misses you.
Mynametaken's ghost shrieks, "They lied to you.
The Dungeon just goes down and down forever."
The quasit bites you but does no damage.
The quasit claws you but does no damage. x2
You barely miss the quasit. Your headbutt misses the quasit.
The quasit is heavily wounded.
The quasit bites you but does no damage.
The quasit claws you but does no damage.
The quasit claws you.
You miss the quasit. Your headbutt misses the quasit.
The quasit is heavily wounded.
The quasit bites you but does no damage.
The quasit claws you but does no damage. x2
The quasit bites you.
The quasit claws you but does no damage. x2
You hit the quasit but do no damage.
The quasit is heavily wounded.
The quasit barely misses you.
The quasit claws you but does no damage.
The quasit barely misses you.
You hit the quasit.
The quasit is almost dead.
The quasit bites you but does no damage.
The quasit claws you but does no damage. x2
You closely miss the quasit. Your headbutt misses the quasit.
The quasit is almost dead.
The quasit closely misses you.
The quasit claws you but does no damage. x2
The quasit closely misses you.
The quasit claws you but does no damage.
The quasit closely misses you.
You hit the quasit but do no damage.
The quasit is almost dead.
The quasit bites you.
You feel clumsy.
The quasit claws you but does no damage. x2
You hit the quasit but do no damage.
The quasit is almost dead.
The quasit bites you but does no damage.
The quasit claws you. x2; The quasit closely misses you.
The quasit barely misses you. x2
You slash the quasit!
You kill the quasit!
You closely miss mynametaken's ghost.
You headbutt mynametaken's ghost, but do no damage.
Mynametaken's ghost gestures at you while chanting.
The rocky blast hits you!
You slash mynametaken's ghost! You headbutt mynametaken's ghost.
Mynametaken's ghost is moderately damaged.
Mynametaken's ghost hits you but does no damage.
You closely miss mynametaken's ghost.
Mynametaken's ghost is moderately damaged.
Mynametaken's ghost casts a spell at you.
The rocky blast hits you!
You closely miss mynametaken's ghost. You headbutt mynametaken's ghost!
Mynametaken's ghost is heavily damaged.
Mynametaken's ghost wails, "You must not fail where I succeeded!"
Mynametaken's ghost points at you and mumbles some strange words.
The stone arrow hits you!
You completely miss mynametaken's ghost.
Mynametaken's ghost is heavily damaged.
Mynametaken's ghost hits you but does no damage.
You barely miss mynametaken's ghost.
Mynametaken's ghost is heavily damaged.
Mynametaken's ghost hits you but does no damage.
Sorry, you're not good enough to have a special ability.
Sorry, you're not good enough to have a special ability.
You feel very mighty all of a sudden.
Mynametaken's ghost gestures at you while chanting.
The stone arrow hits you!
* * * LOW HITPOINT WARNING * * *
You closely miss mynametaken's ghost.
Your headbutt misses mynametaken's ghost.
Mynametaken's ghost is heavily damaged.
Mynametaken's ghost gestures at you while chanting.
The stone arrow hits you!
You die...

#.# #.# #.# #.#
#.# #.#######
#>.......
#.############...
#........@W......
####.###.########
#.# #.# #.# #.#
#.# #.# #.# #.#
#.# #.# #.# #.#
#.#


You could see mynametaken's ghost.

Vanquished Creatures
  Duvessa (D:4)
  A phantom (D:4)
  2 ogres (D:4)
  Dowan (D:4)
  A howler monkey (D:4)
  A quasit (D:5)
  3 hounds (D:4)
  An orc priest (D:3)
  An iguana (D:4)
  A worker ant (D:4)
  8 adders
  A shadow imp (D:5)
  2 oozes
  3 adder skeletons (D:4)
  8 worms
  5 dart slugs
  6 leopard geckos
  7 orcs
  2 ball pythons
  8 giant cockroaches
  9 goblins
  13 hobgoblins
  11 jackals
  4 quokkas
  9 bats
  8 frilled lizards
  7 kobolds (D:1)
  14 rats
  6 fungi (D:2)
  6 plants (D:2)
150 creatures vanquished.

Notes
Turn   | Place    | Note
-------+----------+-------------------------------------------
     0 | D:1      | tboon the Minotaur Fighter began the quest for the Orb.
     0 | D:1      | Reached XP level 1. HP: 19/19 MP: 0/0
    81 | D:1      | Reached skill level 3 in Axes
   103 | D:1      | Reached XP level 2. HP: 24/27 MP: 1/1
   330 | D:1      | Reached skill level 4 in Fighting
   689 | D:1      | Reached XP level 3. HP: 29/33 MP: 2/2
   807 | D:1      | Reached skill level 4 in Axes
  1482 | D:2      | Reached XP level 4. HP: 30/41 MP: 3/3
  1809 | D:2      | Reached skill level 5 in Axes
  1944 | D:2      | Found a blossoming altar of Fedhas.
  1969 | D:2      | Noticed an oklob plant
  2189 | D:2      | Found a sparkling altar of Nemelex Xobeh.
  2542 | D:3      | Reached XP level 5. HP: 43/47 MP: 4/4
  2641 | D:3      | Reached skill level 5 in Fighting
  2658 | D:3      | Found a shadowy altar of Dithmenos.
  2871 | D:3      | Found a shattered altar of Ashenzari.
  2873 | D:3      | Reached skill level 6 in Axes
  3484 | D:4      | Reached XP level 6. HP: 56/56 MP: 5/5
  3546 | D:4      | Got an iridescent flail
  3547 | D:4      | Identified the +2 flail of the Lair of Beasts {protect, rF+ rC+} (You found it on level 4 of the Dungeon)
  3753 | D:4      | Reached skill level 7 in Axes
  3753 | D:4      | Reached skill level 4 in Armour
  3920 | D:4      | Noticed Duvessa
  3921 | D:4      | Noticed Dowan
  3939 | D:4      | Killed Duvessa
  3939 | D:4      | Reached skill level 6 in Fighting
  3939 | D:4      | Reached XP level 7. HP: 43/63 MP: 6/6
  3942 | D:4      | Killed Dowan
  4254 | D:4      | Reached skill level 8 in Axes
  4254 | D:4      | Reached skill level 5 in Armour
  4590 | D:4      | Upgraded the game from 0.20-a0-299-gec7c366 to 0.20-a0-303-g575bbf7
  4592 | D:5      | Entered Level 5 of the Dungeon
  4611 | D:5      | Noticed mynametaken's ghost (novice GrEE)
  4631 | D:5      | HP: 2/64 [mynametaken's ghost/stone arrow (31)]
  4632 | D:5      | Killed from afar by mynametaken's ghost

Vault maps used:
D:1:      dpeg_arrival_shelter, serial_co_window_serial, co_window_paths_a,
          co_window_cross_1, co_window_paths_b, co_window_paths_b,
          co_window_of_opportunity_a, co_window_corner_b, co_window_cross_3,
          co_window_broadway_c, co_window_unsneaky_path_e, co_window_broadway_a,
          co_window_4corner_a, co_window_paths_d
D:2:      tgw_fedhas, minmay_misc_feat_pillars, st_stairs_1, glass_columns_a,
          minivault_25, nemelex_xobeh_ov_fountains_minmay
D:3:      evilmike_ruin_ashenzari, hangedman_abyss_or_decor_lesser_grid,
          grunt_dithmenos_smoke
D:4:      uniq_duvessa
D:5:      first_bread

Skill      XL: |  1  2  3  4  5  6  7 |
---------------+----------------------+-----
Axes           | 3 4 5 6 7 8 |  8.5
Fighting       | 4 5 6 |  6.7
Armour         | 4 5 |  5.3
Shields        | |  3.6

Action                   |  1- 3 |  4- 6 |  7- 9 || total
-------------------------+-------+-------+-------++-------
Melee: War axe           |    96 |   227 |    75 ||   398
       Headbutt          |    12 |    57 |    12 ||    81
       Flail             |       |     8 |       ||     8
  Use: Scroll            |       |     4 |     1 ||     5
       Potion            |       |       |     1 ||     1
  Eat: Chunk             |     2 |     8 |     2 ||    12
Armor: Scale mail        |    43 |    43 |       ||    86
       Chain mail        |       |    59 |    84 ||   143
Dodge: Dodged            |    35 |    63 |    26 ||   124

Vault maps used:
D:1:      dpeg_arrival_shelter, serial_co_window_serial, co_window_paths_a,
          co_window_cross_1, co_window_paths_b, co_window_paths_b,
          co_window_of_opportunity_a, co_window_corner_b, co_window_cross_3,
          co_window_broadway_c, co_window_unsneaky_path_e, co_window_broadway_a,
          co_window_4corner_a, co_window_paths_d
D:2:      tgw_fedhas, minmay_misc_feat_pillars, st_stairs_1, glass_columns_a,
          minivault_25, nemelex_xobeh_ov_fountains_minmay
D:3:      evilmike_ruin_ashenzari, hangedman_abyss_or_decor_lesser_grid,
          grunt_dithmenos_smoke
D:4:      uniq_duvessa
D:5:      first_bread

Table legend:
 A = Turns spent in this place as a percentage of turns spent in the entire game.
 B = Non-inter-level travel turns spent in this place as a percentage of non-inter-level travel turns spent in the entire game.
 C = Inter-level travel turns spent in this place as a percentage of turns spent in this place.
 D = Turns resting spent in this place as a percentage of non-inter-level travel turns spent in this place.
 E = Turns spent auto-exploring this place as a percentage of non-inter-level travel turns spent in this place.
 F = Non-inter-level travel turns spent in this place divided by the number of levels of this place that you've seen.
                   A       B       C       D       E      F
               +-------+-------+-------+-------+-------+----------------------
         Total | 100.0 | 100.0 |   0.4 |   1.9 |  12.5 | 236.8
       Dungeon | 100.0 | 100.0 |   0.4 |   1.9 |  12.5 | 236.8
               +-------+-------+-------+-------+-------+----------------------

Table legend:
 A = Kills in this place as a percentage of kills in entire the game.
 B = Kills by you in this place as a percentage of kills by you in the entire game.
 C = Kills by friends in this place as a percentage of kills by friends in the entire game.
 D = Other kills in this place as a percentage of other kills in the entire game.
 E = Experience gained in this place as a percentage of experience gained in the entire game.
 F = Experience gained in this place divided by the number of levels of this place that you have seen.
                   A       B       C       D       E      F
               +-------+-------+-------+-------+-------+----------------------
         Total | 100.0 | 100.0 |  -nan |  -nan | 100.0 | 260.2
       Dungeon | 100.0 | 100.0 |  -nan |  -nan | 100.0 | 260.2
               +-------+-------+-------+-------+-------+----------------------
